 Dungeon Crawl Stone Soup version 0.32-a0-411-g744942f433 (webtiles) character file.

Game seed: 16887694815332605965

60284 Drazool the Arsonist (level 14, -5/115 HPs)
             Began as a Mountain Dwarf Fire Elementalist on Feb 20, 2024.
             Was an Elder of Sif Muna.
             Slain by Saint Roka
             ... wielding a +1 dire flail
              (31 damage)
             ... on level 1 of the Orcish Mines.
             The game lasted 01:33:32 (30381 turns).

Drazool the Arsonist (MDFE)                        Turns: 30381, Time: 01:33:33

Health: -5/115     AC: 19    Str: 14    XL:     14   Next: 56%
Magic:  0/28       EV: 10    Int: 20    God:    Sif Muna [****..]
Gold:   2086       SH:  0    Dex: 13    Spells: 3/33 levels left

rFire   . . .        P - +4 rapier "Noenuc" {speed, Dex+3}
rCold   . . .        (no shield)
rNeg    . . .        v - +1 scale mail of the Land of Plenty {Str+2}
rPois   .            M - +0 hat {SInv}
rElec   .            l - +2 cloak
rCorr   .            (no gloves)
SInv    +            b - +0 pair of boots
Will    +....        p - amulet of regeneration Stlth
                     Z - ring of wizardry
HPRegen 1.19/turn    T - +4 ring of protection
MPRegen 0.21/turn

%: wizardry (x1)
@: very slightly contaminated, studying Maces & Flails
A: runic magic, artefact enchanting
a: Renounce Religion, Channel Magic, Forget Spell, Divine Exegesis


You were on level 1 of the Orcish Mines.
You worshipped Sif Muna.
Sif Muna was greatly pleased with you.
You visited 4 branches of the dungeon, and saw 18 of its levels.
You also visited: Ossuary and Volcano.

You collected 2086 gold pieces.


Innate Abilities, Weirdness & Mutations

Your spellcasting is much less encumbered by armour.
You can use scrolls of enchantment on lesser artefacts.


   Skills:
 - Level 8.0 Fighting
 - Level 12.0 Armour
 - Level 1.3 Dodging
 - Level 1.4 Stealth
 - Level 10.0 Spellcasting
 - Level 5.0 Conjurations
 - Level 6.0 Hexes
 - Level 3.0 Translocations
 + Level 13.2 Fire Magic
 - Level 5.0 Ice Magic
 - Level 9.0 Air Magic
 - Level 7.0 Invocations


You had 3 spell levels left.
You knew the following spells:

 Your Spells              Type           Power      Damage    Failure   Level
a - Mercury Vapours       Alch/Air       56%        N/A       1%          2
b - Plasma Beam           Fire/Air       26%        2x1d39    6%          6
c - Freezing Cloud        Conj/Ice/Air   17%        6-21      8%          5
d - Iskenderun's Mystic   Conj/Tloc      26%        2d7       7%          4
f - Foxfire               Conj/Fire      100%       2x1d9     1%          1
r - Inner Flame           Hex/Fire       48%        N/A       1%          3
X - Scorch                Fire           100%       2d9       1%          2
Y - Volatile Blastmotes   Fire/Tloc      84%        2d17      1%          3
Z - Flame Wave            Conj/Fire      46%        2d12      1%          4

Your spell library contained the following spells:

 Spells                   Type           Power      Damage    Failure   Level
 Apportation              Tloc           44%        N/A       1%          1
 Slow                     Hex            100%       N/A       1%          1
 Sting                    Conj/Alch      80%        1d8       1%          1
 Jinxbite                 Hex            68%        N/A       1%          2
 Mephitic Cloud           Conj/Alch/Air  28%        N/A       1%          3
 Ozocubu's Armour         Ice            30%        N/A       1%          3
 Tukima's Dance           Hex            34%        N/A       1%          3
 Necrotise                Necr           40%        1d6       3%          1
 Summon Small Mammal      Summ           40%        N/A       3%          1
 Call Canine Familiar     Summ           10%        N/A       11%         3
 Summon Blazeheart Golem  Fire/Summ      36%        N/A       2%          4
 Cause Fear               Hex            17%        N/A       3%          4
 Silence                  Hex/Air        20%        N/A       4%          5
 Dimensional Bullseye     Hex/Tloc       14%        N/A       6%          4
 Anguish                  Hex/Necr       11%        N/A       11%         4
 Starburst                Conj/Fire      23%        6d8       13%         6
 Yara's Violent Unravell  Hex/Alch       11%        3d6       28%         5
 Enfeeble                 Hex            17%        N/A       92%         7

Inventory:

Hand Weapons
 e - a +0 flail
 x - a +0 dagger of electrocution
 P - the +4 rapier "Noenuc" (weapon) {speed, Dex+3}
   (You found it on level 5 of the Lair of Beasts)

   Dex+3:     It affects your dexterity (+3).
Armour
 b - a +0 pair of boots (worn)
 l - a +2 cloak (worn)
 v - the +1 scale mail of the Land of Plenty (worn) {Str+2}
   (You found it on level 4 of the Dungeon)

   Str+2:     It affects your strength (+2).
 A - the +2 pair of boots of the Jolly Invaders {Harm rElec Str-4}
   (You found it on level 3 of the Lair of Beasts)

   Str-4:     It affects your strength (-4).
   rElec:     It insulates you from electricity.
   Harm:      It increases damage dealt and taken.
 M - a +0 hat of see invisible (worn)
 Q - a +0 plate armour of willpower
 R - a +1 chain mail of fire resistance
Jewellery
 a - an amulet of reflection
 c - a ring of ice
 f - a ring of fire
 p - an amulet of regeneration (around neck)
 C - a ring of protection from cold
 F - a ring of protection from fire
 N - a ring of positive energy
 T - a +4 ring of protection (right hand)
 Z - a ring of wizardry (left hand)
Wands
 j - a wand of flame (56)
 q - a wand of acid (4)
 w - a wand of charming (4)
 B - a wand of digging (3)
 G - a wand of polymorph (9)
 J - a wand of roots (8)
Scrolls
 d - 6 scrolls of vulnerability
 h - 2 scrolls of brand weapon
 n - 3 scrolls of immolation
 o - 7 scrolls of identify {@r1}
 r - a scroll of amnesia
 t - 3 scrolls of silence {!r}
 y - a scroll of enchant armour
 D - a scroll of revelation
 H - a scroll of torment
 I - 3 scrolls of poison
 K - a scroll of noise
 L - 2 scrolls of fog
 O - 2 scrolls of enchant weapon
Potions
 g - 2 potions of invisibility
 i - a potion of heal wounds {@q2}
 k - 2 potions of cancellation
 m - 4 potions of brilliance
 s - 2 potions of lignification
 u - 4 potions of ambrosia
 z - 3 potions of enlightenment
 E - a potion of attraction
 S - 3 potions of mutation
 U - 4 potions of curing {@q1}

Dungeon Overview and Level Annotations

Branches:
Dungeon (10/15)            Temple (1/1) D:6            Lair (5/5) D:9
 Shoals (0/4) Lair:2        Snake (0/4) Lair:2        Slime (0/5) Lair:4
    Orc (2/2) D:9             Elf (0/3) Orc:2       Ossuary (visited)
Volcano (visited)

Altars:
Ashenzari
Cheibriados
Dithmenos
Elyvilon
Fedhas
Gozag
Hepliaklqana
Kikubaaqudgha
Makhleb
Nemelex Xobeh
Okawaru
Qazlal
Ru
Sif Muna
Trog
Uskayaw
Vehumet
Wu Jian
Xom
Yredelemnul
Zin
The Shining One
Jiyva

Annotations:
Lair:1 1 runed translucent door, Kedox's ghost, journeyman DrCA
Orc:1 Saint Roka
Orc:2 1 runed translucent door, zewo's ghost, journeyman DrAl

.....▓....▓ ####.##
)...▓▓)...▓ #.#...##
....▓▓....▓ #......##
....▓▓....▓ ####.......#
....▓▓....▓ ##..........###
....▓▓....▓##......##...#.#
.....▓....▓#......#####...#
..........▓###.[..##....#.#
..........▓ #)o@.......###
# .....▓▓▓▓'▓ ##)[......##
# .....▓))).▓ ##).....##
### ▓▓▓▓▓▓▓▓▓▓▓ ###......##
##.. ###...##....### #...
#......#......#####..
##....###......#.....
#.....##.....#####...
##...........# #...


You could see Saint Roka.


Message History

Saint Roka is lightly wounded.
The fiery plasma hits Saint Roka!
Saint Roka resists.
Saint Roka is moderately wounded.
Saint Roka hits you with a +1 dire flail!!
* * * LOW HITPOINT WARNING * * *
Unknown command.
You feel much better.
Saint Roka hits you with a +1 dire flail!!
* * * LOW HITPOINT WARNING * * *
You feel much better. Saint Roka closely misses you.
Items here: ( )) ÷ †.
Casting: Plasma Beam (dangerous; 6% risk of failure)
Confirm with . or Enter, or press ? or * to list all spells.
You erupt in a blast of force!
The mystic blast hits Saint Roka but does no damage.
Saint Roka is lightly wounded.
Saint Roka calls down the wrath of Beogh upon you.
Beogh smites you!
* * * LOW HITPOINT WARNING * * *
Casting: Iskenderun's Mystic Blast (dangerous; 7% risk of failure)
Confirm with . or Enter, or press ? or * to list all spells.
You miscast Iskenderun's Mystic Blast.
You are very lightly contaminated with residual magic.
Nothing appears to happen.
Saint Roka hits you with a +1 dire flail!!
* * * LOW HITPOINT WARNING * * *
You feel much better.
Saint Roka hits you with a +1 dire flail!!
You die...
Saint Roka roars, "Praise to Beogh!"

Skill      XL: |  1  2  3  4  5  6  7  8  9 10 11 12 13 14 |
---------------+-------------------------------------------+-----
Spellcasting   | 2 3 4 6 8 10 | 10.0
Conjurations   | 2 3 4 5 |  5.0
Fire Magic     | 4 5 6 7 8 9 10 12 13 | 13.2
Fighting       | 3 5 6 8 |  8.0
Armour         | 3 4 6 11 12 | 12.0
Hexes          | 3 5 6 |  6.0
Translocations | 3 |  3.0
Air Magic      | 2 3 8 9 |  9.0
Invocations    | 3 7 |  7.0
Ice Magic      | 5 |  5.0
Dodging        | |  1.3
Stealth        | |  1.4

Action                     |  1- 3 |  4- 6 |  7- 9 | 10-12 | 13-15 || total
---------------------------+-------+-------+-------+-------+-------++-------
  Melee: Unarmed           |     4 |     9 |       |       |       ||    13
         Flail             |       |    18 |    13 |       |       ||    31
         Dagger            |       |       |    12 |    21 |    18 ||    51
         Rapier            |       |       |       |       |    27 ||    27
   Cast: Foxfire           |    61 |   130 |   185 |   365 |    83 ||   824
         Scorch            |     3 |    33 |    56 |    93 |    20 ||   205
         Inner Flame       |       |       |     5 |    21 |       ||    26
         Volatile Blastmot |       |       |     2 |    32 |     1 ||    35
         Mercury Vapours   |       |       |     6 |     2 |       ||     8
         Flame Wave        |       |       |     3 |    50 |    57 ||   110
         Plasma Beam       |       |       |       |    35 |   126 ||   161
         Freezing Cloud    |       |       |       |       |    38 ||    38
         Iskenderun's Myst |       |       |       |       |    24 ||    24
 Invoke: Channel Magic     |       |       |       |     6 |    13 ||    19
  Evoke: Wand              |       |     9 |     2 |    16 |     4 ||    31
    Use: Scroll            |     2 |     9 |     8 |    12 |     4 ||    35
         Potion            |       |       |     1 |     2 |     9 ||    12
 Armour: Robe              |     2 |       |       |       |       ||     2
         Scale mail        |     3 |    56 |   128 |   271 |   399 ||   857
  Dodge: Dodged            |     9 |    36 |    63 |    95 |   213 ||   416

Levels and vault maps discovered:
D:1:      dpeg_arrival_round_c, layout_basic, chequers_big_river
D:2:      layout_loops_ring, minivault_25, guppyfry_early_orc_mine
D:3:      layout_basic, nemelex_spade_bored_becter,
          amcnicky_mini_rare_corridor_liquid, grunt_ministairs_13
D:4:      layout_basic, minitemple, nicolae_ossuary_entry_giza
D:5:      layout_loops_ring, marbit_many_paths, uniq_sigmund, uniq_menkaure,
          uniq_duvessa
D:6:      layout_basic, lemuel_doored_altar, lemuel_coloured_pillars_altar,
          mainiacjoe_overflow_small_starburst, minmay_temple_entry_overgrown,
          eino_tiny_chamber
D:7:      layout_gridville
D:8:      layout_cave_pools, mainiacjoe_overflow_concentric_impassable,
          nicolae_uskayaw_suspiria, special_room [special_room_orc]
D:9:      layout_small_grid, grunt_lair_entry_orc_guard_hut, david_orc_3,
          uniq_prince_ribbit1, uniq_joseph
D:10:     layout_roguey
Temple:   compressed_dpeg_triangle_lava_temple
Lair:1:   lemuel_ratsnest, layout_long_grid, ebering_ghost_funeral_grove,
          serial_bayou_shore_b, uniq_gastronok
Lair:2:   layout_roguey, nicolae_shoals_entry_flooding,
          alex1729_snake_entry_snake, nicolae_volcano_entry_two_sided,
          lemuel_fruit_tree, serial_bayou_shore_a
Lair:3:   layout_gridlike, grunt_megastairs_4
Lair:4:   layout_gridlike, nicolae_slime_entry_slimehenge, serial_forest,
          infiniplex_forest_lined_room_2, infiniplex_forest_lined_4_way,
          infiniplex_forest_straight_2, infiniplex_forest_clump_small
Lair:5:   hangedman_lair_tendril_chambers, layout_big_grid, minivault_27,
          minivault_23, nicolae_lair_run_with_the_wolves, uniq_snorg, uniq_urug
Orc:1:    layout_diamond_mine, minmay_orc_treasury
Orc:2:    st_orc_town, layout_diamond_mine, gammafunk_ghost_grave, uniq_nessos,
          uniq_jorgrun, uniq_saint_roka

Notes
Turn   | Place    | Note
-------+----------+-------------------------------------------
     0 | D:1      | Drazool the Mountain Dwarf Fire Elementalist began the
                  | quest for the Orb.
     0 | D:1      | Reached XP level 1. HP: 14/14 MP: 3/3
   133 | D:1      | Reached skill level 2 in Spellcasting
   160 | D:1      | Reached XP level 2. HP: 20/20 MP: 3/5
   297 | D:1      | Learned a level 2 spell: Scorch
   645 | D:1      | Reached XP level 3. HP: 26/26 MP: 4/7
   828 | D:1      | Reached skill level 3 in Spellcasting
   889 | D:1      | Reached skill level 1 in Conjurations
  1542 | D:2      | Reached skill level 2 in Conjurations
  1759 | D:2      | Reached XP level 4. HP: 31/33 MP: 6/8
  2349 | D:2      | Reached skill level 3 in Conjurations
  2349 | D:2      | Reached skill level 4 in Fire Magic
  2565 | D:3      | Reached XP level 5. HP: 38/38 MP: 1/9
  2666 | D:3      | Reached skill level 5 in Fire Magic
  2794 | D:3      | Reached skill level 1 in Fighting
  3063 | D:3      | Reached skill level 2 in Fighting
  3249 | D:3      | Found a sparkling altar of Nemelex Xobeh.
  3490 | D:3      | Learned a level 3 spell: Volatile Blastmotes
  3667 | D:4      | Reached skill level 3 in Fighting
  3667 | D:4      | Reached XP level 6. HP: 51/51 MP: 7/10
  3684 | D:4      | Reached skill level 1 in Armour
  3843 | D:4      | Found a sand-covered staircase.
  3873 | Ossuary  | Entered an ossuary
  4050 | Ossuary  | Reached skill level 2 in Armour
  4443 | Ossuary  | Reached skill level 3 in Armour
  4729 | Ossuary  | Reached skill level 6 in Fire Magic
  4730 | Ossuary  | Reached XP level 7. HP: 43/57 MP: 1/11
  4844 | Ossuary  | Reached skill level 7 in Fire Magic
  5199 | Ossuary  | Reached skill level 4 in Spellcasting
  5444 | D:4      | Learned a level 3 spell: Inner Flame
  5482 | D:4      | Identified the +1 scale mail of the Land of Plenty {Str+2}
  5914 | D:4      | Found a hazy altar of Hepliaklqana.
  5917 | D:4      | Found an ancient bone altar of Kikubaaqudgha.
  5982 | D:5      | Entered Level 5 of the Dungeon
  5982 | D:5      | Noticed Menkaure
  6056 | D:5      | Reached skill level 1 in Hexes
  6192 | D:5      | Reached skill level 2 in Hexes
  6265 | D:5      | Reached skill level 3 in Hexes
  6338 | D:5      | Reached XP level 8. HP: 63/63 MP: 8/14
  6431 | D:5      | Noticed Sigmund
  6460 | D:5      | Killed Sigmund
  6461 | D:5      | Reached skill level 4 in Hexes
  6660 | D:5      | Noticed Duvessa
  6660 | D:5      | Noticed Dowan
  6670 | D:5      | Killed Duvessa
  6671 | D:5      | Reached skill level 5 in Hexes
  6682 | D:5      | Killed Dowan
  6683 | D:5      | Reached skill level 1 in Translocations
  6922 | D:5      | Found a sacrificial altar of Ru.
  7088 | D:5      | Killed Menkaure
  7089 | D:5      | Reached skill level 2 in Translocations
  7215 | D:5      | Reached skill level 3 in Translocations
  7272 | D:5      | Learned a level 4 spell: Flame Wave
  7326 | D:5      | Reached skill level 4 in Armour
  7493 | D:6      | Found a staircase to the Ecumenical Temple.
  7501 | Temple   | Entered the Ecumenical Temple
  7510 | Temple   | Became a worshipper of Sif Muna the Loreminder
  7696 | D:6      | Reached skill level 4 in Conjurations
  7770 | D:6      | Found a shadowy altar of Dithmenos.
  7935 | D:6      | Reached XP level 9. HP: 63/69 MP: 4/15
  8073 | D:6      | Found a snail-covered altar of Cheibriados.
  8327 | D:6      | Reached skill level 5 in Conjurations
  8655 | D:6      | Found an opulent altar of Gozag.
  8816 | D:7      | Noticed a kobold demonologist
  8843 | D:7      | Noticed a red devil
  8847 | D:7      | Noticed a red devil
  8878 | D:7      | Noticed a sun demon
  8928 | D:7      | Killed a kobold demonologist
  8929 | D:7      | Reached skill level 8 in Fire Magic
  8929 | D:7      | Reached skill level 1 in Air Magic
  9010 | D:7      | Reached skill level 2 in Air Magic
  9010 | D:7      | Reached skill level 1 in Invocations
  9175 | D:7      | Reached skill level 3 in Invocations
  9372 | D:7      | Reached skill level 4 in Fighting
  9549 | D:7      | Reached skill level 5 in Armour
  9741 | D:8      | Found a blossoming altar of Fedhas.
  9791 | D:8      | Reached skill level 6 in Armour
  9806 | D:8      | Reached * piety under Sif Muna
 10016 | D:8      | Reached skill level 5 in Fighting
 10124 | D:8      | Learned a level 2 spell: Mercury Vapours
 10235 | D:8      | Reached XP level 10. HP: 68/83 MP: 9/16
 10325 | D:8      | Found a hide-covered altar of Uskayaw.
 10395 | D:8      | Reached skill level 6 in Fighting
 11058 | D:8      | Reached skill level 5 in Spellcasting
 11064 | D:8      | Reached ** piety under Sif Muna
 11177 | D:9      | Noticed Prince Ribbit
 11181 | D:9      | Killed Prince Ribbit
 11254 | D:9      | Noticed Joseph
 11266 | D:9      | Killed Joseph
 11328 | D:9      | Reached skill level 6 in Spellcasting
 11534 | D:9      | Noticed an elephant
 11562 | D:9      | Killed an elephant
 11730 | D:8      | Reached skill level 9 in Fire Magic
 11917 | D:7      | Reached skill level 4 in Invocations
 12088 | D:9      | Reached skill level 5 in Invocations
 12128 | D:9      | Reached skill level 6 in Invocations
 12239 | D:9      | Found a staircase to the Lair.
 12304 | D:9      | Reached skill level 7 in Invocations
 12617 | D:9      | Noticed a gargoyle
 12630 | D:9      | Killed a gargoyle
 12631 | D:9      | Reached skill level 3 in Air Magic
 12718 | D:9      | Found a staircase to the Orcish Mines.
 13055 | D:10     | Entered Level 10 of the Dungeon
 13198 | D:10     | Reached XP level 11. HP: 89/89 MP: 11/20
 13200 | D:10     | Reached skill level 4 in Air Magic
 13216 | D:10     | Reached *** piety under Sif Muna
 13518 | D:10     | Reached skill level 5 in Air Magic
 14448 | Lair:1   | Entered Level 1 of the Lair of Beasts
 14594 | Lair:1   | Reached skill level 6 in Air Magic
 14700 | Lair:1   | Found a runed translucent door.
 14703 | Lair:1   | Noticed Kedox's ghost (journeyman DrCA)
 14704 | Lair:1   | Identified the +1 trident of the Wraith {flame, rC+}
 14709 | Lair:1   | Noticed a spriggan rider
 14923 | Lair:1   | Noticed a catoblepas
 14959 | Lair:1   | Killed a catoblepas
 15136 | Lair:1   | Noticed an oklob plant
 15149 | Lair:1   | Killed an oklob plant
 15150 | Lair:1   | Reached skill level 7 in Air Magic
 15509 | Lair:1   | Noticed Gastronok
 15530 | Lair:1   | Killed Gastronok
 15531 | Lair:1   | Reached skill level 8 in Air Magic
 16495 | Lair:1   | Reached **** piety under Sif Muna
 16655 | Lair:1   | Reached skill level 10 in Fire Magic
 16657 | Lair:1   | Reached XP level 12. HP: 73/96 MP: 14/21
 17178 | Lair:2   | Found a dark tunnel.
 17187 | Volcano  | Entered a volcano
 17281 | Volcano  | Reached skill level 11 in Fire Magic
 17566 | Lair:2   | Learned a level 6 spell: Plasma Beam
 17753 | Lair:2   | Reached skill level 12 in Fire Magic
 18456 | Lair:2   | Reached skill level 7 in Spellcasting
 18493 | Lair:2   | Found a staircase to the Shoals.
 19170 | Lair:2   | Found a staircase to the Snake Pit.
 19389 | Lair:2   | Learned a level 5 spell: Freezing Cloud
 19465 | Lair:3   | Noticed a catoblepas
 19613 | Lair:3   | Killed a catoblepas
 19614 | Lair:3   | Reached skill level 1 in Ice Magic
 19901 | Lair:3   | Reached skill level 2 in Ice Magic
 19906 | Lair:3   | Reached skill level 8 in Spellcasting
 19909 | Lair:3   | Reached skill level 3 in Ice Magic
 20163 | Lair:3   | Identified the +2 pair of boots of the Jolly Invaders {Harm
                  | rElec Str-4}
 20578 | Lair:4   | Found a staircase to the Slime Pits.
 20749 | Lair:3   | Reached skill level 4 in Ice Magic
 21067 | Lair:4   | Reached skill level 5 in Ice Magic
 21407 | Lair:4   | Reached XP level 13. HP: 78/102 MP: 18/25
 21664 | Lair:4   | Reached skill level 9 in Air Magic
 21807 | Lair:4   | Found a viscous altar of Jiyva.
 21927 | Lair:4   | You fall into a shaft and drop 1 floor!
 21927 | Lair:5   | Entered Level 5 of the Lair of Beasts
 21932 | Lair:5   | Reached skill level 6 in Hexes
 21963 | Lair:5   | Reached skill level 7 in Fighting
 21963 | Lair:5   | Noticed Snorg
 21981 | Lair:5   | Killed Snorg
 21982 | Lair:5   | Reached skill level 8 in Fighting
 22011 | Lair:5   | Reached skill level 7 in Armour
 22520 | Lair:5   | Reached skill level 8 in Armour
 23009 | Lair:5   | Reached skill level 9 in Armour
 23274 | Lair:5   | Noticed Urug
 23277 | Lair:5   | Killed Urug
 23399 | Lair:5   | Reached skill level 10 in Armour
 24074 | Lair:5   | Reached skill level 11 in Armour
 24705 | Lair:5   | Identified the +4 rapier "Noenuc" {speed, Dex+3}
 24943 | Lair:5   | Reached XP level 14. HP: 115/115 MP: 10/26
 25039 | Lair:5   | Reached skill level 12 in Armour
 25500 | Orc:1    | Entered Level 1 of the Orcish Mines
 25500 | Orc:1    | Noticed an orc warlord
 25514 | D:9      | Killed an orc warlord
 25616 | D:9      | Reached ***** piety under Sif Muna
 26805 | Orc:1    | Reached skill level 9 in Spellcasting
 26919 | Orc:1    | Noticed an orc warlord
 27053 | D:9      | Killed an orc warlord
 27053 | D:9      | Received a gift from Sif Muna
 27054 | D:9      | Got Sif Muna's Grimoire of Frigid Bewitchment {god gift}
 27192 | D:9      | Learned a level 4 spell: Iskenderun's Mystic Blast
 27349 | Orc:1    | Noticed an orc warlord
 27812 | D:9      | Killed an orc warlord
 28811 | Orc:1    | Reached skill level 10 in Spellcasting
 29254 | Orc:2    | Entered Level 2 of the Orcish Mines
 29277 | Orc:2    | Found a runed translucent door.
 29277 | Orc:2    | Noticed zewo's ghost (journeyman DrAl)
 29288 | Orc:2    | Found a staircase to the Elven Halls.
 29875 | Orc:2    | Noticed Jorgrun
 29880 | Orc:2    | Noticed Saint Roka
 30047 | Orc:2    | Identified a +2 robe of resistance
 30158 | Orc:1    | Killed Jorgrun
 30159 | Orc:1    | Reached skill level 13 in Fire Magic
 30380 | Orc:1    | HP: 6/115 [Saint Roka/+1 dire flail (32)]
 30381 | Orc:1    | Slain by Saint Roka

Vanquished Creatures
  Jorgrun (Orc:1)
  Gastronok (Lair:1)
  3 orc warlords (D:9)
  Snorg (Lair:5)
  2 catoblepae
  A boulder beetle (Lair:4)
  2 hydras (Lair:5)
  A two-headed ogre (D:9)
  3 death yaks (Lair:5)
  Urug (Lair:5)
  2 skysharks
  5 orc knights
  4 cyclopes
  2 orc sorcerers
  4 wolf spiders (Lair:5)
  A salamander (Lair:2)
  An oklob plant (Lair:1)
  8 elephants
  Joseph (D:9)
  3 kobold blastminers (Orc:2)
  11 black mambas
  A guardian serpent (Lair:5)
  A water nymph (Lair:2)
  2 gargoyles
  9 cane toads
  A torpor snail (Lair:5)
  4 komodo dragons
  A kobold demonologist (D:7)
  2 trolls (D:9)
  3 hornets
  A polar bear (Lair:5)
  Prince Ribbit (D:9)
  2 dream sheep (Lair:5)
  10 blink frogs
  Sigmund (D:5)
  36 yaks
  18 wyverns
  12 wargs
  A redback (Lair:5)
  7 basilisks
  Menkaure (D:5)
  3 nagas (Lair:2)
  Duvessa (D:5)
  25 water moccasins
  An ice beast (D:7)
  3 sky beasts (D:6)
  2 black bears
  31 orc warriors
  8 centaurs
  9 ogres
  16 wolves
  2 phantoms (D:5)
  2 elf zombies (Ossuary)
  2 kobold brigands (D:8)
  8 bullfrogs
  3 scorpions
  2 gnoll sergeants (D:9)
  7 wights
  Dowan (D:5)
  2 howler monkeys (D:10)
  2 lava snakes (D:8)
  A centaur zombie (Ossuary)
  15 orc priests
  A bombardier beetle (D:5)
  3 hounds
  A spectral scorpion (Ossuary)
  3 human zombies (Ossuary)
  6 jellies
  An iguana (D:5)
  19 orc wizards
  6 hell rats (Lair:1)
  A crocodile zombie (Ossuary)
  3 spectral hounds (Ossuary)
  3 mummies
  A scorpion simulacrum (Ossuary)
  16 gnolls
  4 adders
  12 river rats (Lair:1)
  2 hound simulacra (Ossuary)
  A shadow imp (D:7)
  2 ufetubi (D:6)
  3 spectral gnolls (Ossuary)
  2 dart slugs
  4 ribbon worms
  2 adder simulacra (Ossuary)
  103 orcs
  7 ball pythons
  4 bats
  8 endoplasms
  2 giant cockroaches
  6 gnoll zombies (Ossuary)
  5 goblins
  9 hobgoblins
  2 jackals (D:1)
  10 quokkas
  7 frilled lizards
  4 gnoll simulacra (Ossuary)
  A jackal simulacrum (Ossuary)
  16 kobolds
  8 kobold zombies
  4 orc zombies (Ossuary)
  17 rats
  4 spectral jackals (Ossuary)
  2 foxfires
633 creatures vanquished.

Vanquished Creatures (collateral kills)
  A cyclops (Volcano)
  An elephant (Lair:1)
  An orc warrior (D:9)
  10 foxfires
13 creatures vanquished.

Vanquished Creatures (others)
  An orc warrior (Orc:1)
  1432 foxfires
1433 creatures vanquished.

Grand Total: 2079 creatures vanquished

Table legend: (Time is in decaauts)
 A = Elapsed time spent in this place.
 B = Non-inter-level travel time spent in this place.
 C = Inter-level travel time spent in this place.
 D = Time resting spent in this place.
 E = Time spent auto-exploring this place.
 F = Levels seen in this place.
 G = Mean time per level.
                   A        B        C        D        E       F      G
               +--------+--------+--------+--------+--------+-----+--------+
         Total |  30494 |  29469 |   1025 |   8519 |  15666 |  20 | 1524.7 |
       Dungeon |  16068 |  15497 |    571 |   3869 |   9127 |  10 | 1606.8 |
        Temple |     18 |      9 |      9 |      0 |      0 |   1 |   18.0 |
          Lair |  10509 |  10106 |    403 |   2879 |   5547 |   5 | 2101.8 |
  Orcish Mines |   2087 |   2046 |     41 |   1105 |    436 |   2 | 1043.5 |
       Ossuary |   1487 |   1487 |      0 |    507 |    556 |   1 | 1487.0 |
       Volcano |    322 |    322 |      0 |    159 |      0 |   1 |  322.0 |
               +--------+--------+--------+--------+--------+-----+--------+

Top non-repeatable levels by time:
     D:9: 4611 daAuts
  Lair:1: 2682 daAuts
  Lair:5: 2494 daAuts
  Lair:2: 2050 daAuts
  Lair:4: 1910 daAuts
   Orc:1: 1878 daAuts
     D:8: 1835 daAuts
 Ossuary: 1487 daAuts
     D:5: 1399 daAuts
  Lair:3: 1371 daAuts
     D:1: 1324 daAuts
     D:6: 1262 daAuts
    D:10: 1261 daAuts
     D:3: 1157 daAuts
     D:7: 1084 daAuts

Table legend:
 A = Non-vault XP
 B = Vault XP
 C = Vault XP percentage of total XP
 D = Non-vault monster count
 E = Vault monster count
 F = Vault count percentage of total count
                 A         B        C        D         E       F
            +---------+---------+-------+---------+---------+-------
      Total |   50171 |   35950 |  41.7 |     366 |     269 |  42.4
            +---------+---------+-------+---------+---------+-------
        D:1 |      63 |       0 |   0.0 |      23 |       0 |   0.0
        D:2 |      40 |      68 |  63.0 |      14 |       8 |  36.4
        D:3 |     114 |      52 |  31.3 |      18 |       5 |  21.7
        D:4 |     108 |      26 |  19.4 |      15 |       3 |  16.7
        D:5 |     641 |     661 |  50.8 |      13 |       5 |  27.8
        D:6 |     748 |       0 |   0.0 |      16 |       0 |   0.0
        D:7 |    1459 |     210 |  12.6 |      12 |       1 |   7.7
        D:8 |    1229 |     888 |  41.9 |      33 |      26 |  44.1
        D:9 |    6703 |    8450 |  55.8 |      54 |      49 |  47.6
       D:10 |    2800 |       0 |   0.0 |      19 |       0 |   0.0
     Lair:1 |    5757 |    2177 |  27.4 |      19 |      39 |  67.2
     Lair:2 |    4285 |    1847 |  30.1 |      21 |       7 |  25.0
     Lair:3 |    3238 |     306 |   8.6 |      11 |       2 |  15.4
     Lair:4 |    6959 |     877 |  11.2 |      23 |      10 |  30.3
     Lair:5 |   10318 |   13857 |  57.3 |      29 |      45 |  60.8
      Orc:1 |    3027 |    3319 |  52.3 |      36 |      15 |  29.4
      Orc:2 |    2682 |     392 |  12.8 |      10 |       4 |  28.6
    Ossuary |       0 |     690 | 100.0 |       0 |      46 | 100.0
    Volcano |       0 |    2130 | 100.0 |       0 |       4 | 100.0
            +---------+---------+-------+---------+---------+-------
